 Dungeon Crawl Stone Soup version 0.31.0-4-g52a2dc7128 (webtiles) character file.

Game seed: 9581630262338841734

40 GordonOverkill the Vexing (level 3, -4/29 HPs)
             Began as an Armataur Hexslinger on Jan 22, 2024.
             Slain by a cerulean imp
             ... wielding a +1 spear
             ... summoned by Natasha
              (6 damage)
             ... on level 2 of the Dungeon.
             The game lasted 00:04:15 (1391 turns).

GordonOverkill the Vexing (Armataur Hexslinger)     Turns: 1391, Time: 00:04:16

Health: -4/29      AC:  4    Str: 13    XL:     3   Next: 30%
Magic:  0/4        EV:  9    Int: 15    God:
Gold:   108        SH:  0    Dex: 12    Spells: 4/4 levels left

rFire   . . .        a - +1 sling
rCold   . . .        (no shield)
rNeg    + . .        c - +0 robe
rPois   .            (no helmet)
rElec   .            (no cloak)
rCorr   .            (no gloves)
SInv    +            (no barding)
Will    .....        k - amulet of guardian spirit
Stlth   +            g - ring of positive energy
HPRegen 0.24/turn    h - ring of see invisible
MPRegen 0.09/turn

%: guardian spirit, roll
@: no status effects
A: large, deformed body, tough skin 3, armoured tail, roll 1
a: no special abilities


You were on level 2 of the Dungeon.
You visited 1 branch of the dungeon, and saw 2 of its levels.

You collected 108 gold pieces.

Inventory:

Hand Weapons
 a - a +1 sling (weapon)
 i - a +0 club
Missiles
 n - 4 boomerangs
Armour
 c - a +0 robe (worn)
 e - a +0 ring mail
 f - a +0 ring mail
Magical Staves
 m - a staff of fire
Jewellery
 g - a ring of positive energy (left hand)
 h - a ring of see invisible (right hand)
 k - an amulet of guardian spirit (around neck)
 l - a ring of resist corrosion
Scrolls
 b - a scroll of poison
Potions
 d - 2 potions of curing


   Skills:
 - Level 2.0 Fighting
 - Level 1.4 Ranged Weapons
 - Level 1.3 Dodging
 - Level 1.0 Spellcasting
 - Level 2.6 Hexes
 - Level 0.8 Fire Magic
 + Level 1.9 Air Magic


You had 4 spell levels left.
You didn't know any spells.
Your spell library contained the following spells:

 Spells                   Type           Power      Damage    Failure   Level
 Jinxbite                 Hex            16%        N/A       12%         2
 Shock                    Conj/Air       12%        1d3       17%         1
 Magic Dart               Conj           0%         1d3       24%         1
 Sigil of Binding         Hex            8%         N/A       24%         3
 Swiftness                Air            6%         N/A       32%         3
 Inner Flame              Hex/Fire       6%         N/A       34%         3
 Blink                    Tloc           0%         N/A       36%         2
 Call Imp                 Summ           0%         N/A       36%         2
 Cause Fear               Hex            4%         N/A       63%         4
 Airstrike                Air            3%         2d(1-17)  73%         4
 Dimensional Bullseye     Hex/Tloc       2%         N/A       80%         4


Dungeon Overview and Level Annotations

Branches:
Dungeon (2/15)

Altars:

Shops:
D:2 [

Annotations:
D:2 1 runed translucent door, Crazy Yiuf, Natasha, Terence


Innate Abilities, Weirdness & Mutations

Armour fits poorly on your strangely shaped body.
You have extremely tough skin. (AC +3)
You have a long armoured tail.
You regenerate magic when rolling toward enemies. (Rampage MPRegen)


Message History

* * * LOW HITPOINT WARNING * * *
You shoot a sling bullet. The sling bullet hits Natasha.
Natasha is heavily wounded.
Natasha claws you.
* * * LOW HITPOINT WARNING * * *
Natasha closely misses you.
You shoot a sling bullet.
The sling bullet closely misses Natasha.
Natasha stares at you and mumbles some strange words.
You resist with significant effort. Natasha claws you!
* * * LOW HITPOINT WARNING * * *
Natasha stares at you and mumbles some strange words.
You resist with significant effort.
It was a potion of curing.
You feel better. Natasha claws you.
* * * LOW HITPOINT WARNING * * *
Okay, then.
You aren't carrying any items that you can evoke.
Unknown command.
You shoot a sling bullet. The sling bullet barely misses Natasha.
Natasha barely misses you.
Natasha mumbles some strange words.
You shoot a sling bullet. The sling bullet hits Natasha.
Natasha is severely wounded.
You feel yourself speed up. Natasha misses you.
The cerulean imp hits you with a +1 spear.
* * * LOW HITPOINT WARNING * * *
Natasha claws you.
* * * LOW HITPOINT WARNING * * *
You shoot a sling bullet.
The sling bullet closely misses Natasha.
The cerulean imp misses you. Natasha claws you.
* * * LOW HITPOINT WARNING * * *
The cerulean imp hits you with a +1 spear.
* * * LOW HITPOINT WARNING * * *
You shoot a sling bullet. The sling bullet barely misses Natasha.
Natasha claws you.
* * * LOW HITPOINT WARNING * * *
The cerulean imp hits you with a +1 spear.
You die...

##.#.)..###'#..################..
.#.#.##.##≈.≈.......#...#....#.#.
........#≈≈.≈≈###.......#..###.#.
...#..#.'..∩..'.#.####.......#...
......#.#≈≈.≈≈#...#....#...#.###.
....#.#...≈.≈...#.#.####...#.....
.........##+#..[..#...###########
...##....#..#...5......# ......
...##.####..+...@......# ######
...##...##.##...#h.....# #
...####'##'##)..#......# #
.....)..........#......# #
......).........#......# #
##...........####......# #
#>..........# ..$...# #
#...........# ......# #
############# #


You could see Natasha and a cerulean imp (summoned).

Vanquished Creatures
  A dart slug (D:1)
  2 bats (D:1)
  5 endoplasms
  4 hobgoblins
  2 jackals (D:1)
  3 quokkas (D:1)
  3 ball pythons
  3 frilled lizards (D:1)
  7 goblins
  3 kobolds (D:1)
  2 rats (D:2)
35 creatures vanquished.

Notes
Turn   | Place    | Note
-------+----------+-------------------------------------------
     0 | D:1      | GordonOverkill the Armataur Hexslinger began the quest for
                  | the Orb.
     0 | D:1      | Reached XP level 1. HP: 15/15 MP: 2/2
    23 | D:1      | Reached skill level 1 in Fighting
   207 | D:1      | Reached XP level 2. HP: 19/24 MP: 3/3
   390 | D:1      | Reached skill level 1 in Air Magic
   508 | D:1      | Reached XP level 3. HP: 29/29 MP: 4/4
   820 | D:2      | Noticed Terence
   947 | D:2      | Found Mifrir's Antique Armour Boutique.
  1230 | D:2      | Found a runed translucent door.
  1231 | D:2      | Noticed Crazy Yiuf
  1376 | D:2      | Noticed Natasha
  1391 | D:2      | Slain by a cerulean imp

Illustrated notes

Levels and vault maps discovered:
D:1:      moated_graveyard_arrival, layout_basic, roderic_cross_of_infinity,
          minmay_indecisive_spiral
D:2:      layout_basic, serial_shops, nicolae_shop_hallway_plus, uniq_terence,
          uniq_crazy_yiuf_cottage, uniq_natasha

Skill      XL: |  1  2 |
---------------+-------+-----
Fighting       | 1 2 |  2.0
Air Magic      | 1 |  1.9
Ranged Weapons | |  1.4
Dodging        | |  1.3
Spellcasting   | |  1.0
Hexes          | |  2.6
Fire Magic     | |  0.8

Action                     || total
---------------------------++-------
   Fire: Sling             ||   127
    Use: Scroll            ||     1
         Potion            ||     1
 Armour: Robe              ||    67
  Dodge: Dodged            ||    38
